Map: Backwater LE

Players

Saturated - Winner!

  • Race: Zerg Zerg
  • League: Master
  • Spawn Location: 5:00

Assitoni

  • Race: Terran Terran
  • League: Diamond
  • Spawn Location: 11:00

VOD

Have the link to the VOD?

Description

Time

  • Played on: March 7, 2018, 2:30 p.m.
  • Length: 7:05
Show
View Real Time Build Order
Export as new Build Order

Saturated Zerg - Winner!

Build Orders: Pool First 

Get SALT Encoding   

  12  0:01  Drone  
  13  0:12  Overlord  
  13  0:17  Drone  
  14  0:30  Extractor, Drone x2  
  14  0:34  Drone  
  16  0:48  Spawning Pool  
  15  0:50  Drone  
  15  0:56  Drone  
  17  1:19  Hatchery  
  17  1:23  Drone  
  17  1:34  Metabolic Boost  
  17  1:42  Zergling x6  
  20  1:51  Queen  
  22  1:57  Overlord  
  22  2:05  Evolution Chamber  
  22  2:07  Zergling x2  
  22  2:26  Queen  
  24  2:34  Zergling x6  
  27  2:39  Queen  
  27  2:43  Overlord  
  29  2:54  Drone x2  
  29  2:55  Drone  
  29  2:57  Drone  
  33  3:07  Drone x3  
  33  3:09  Drone  
  37  3:15  Drone  
  37  3:18  Drone  
  39  3:30  Overlord  
  39  3:33  Drone x2  
  39  3:46  Overlord  
  39  3:47  Drone x3  
  42  3:49  Overlord  
  42  3:50  Drone  
  42  3:51  Drone x2  
  45  4:00  Overlord  
  45  4:01  Drone  
  44  4:04  Roach Warren  
  44  4:05  Extractor  
  44  4:06  Extractor  
  40  4:22  Drone x4  
  44  4:34  Hatchery  
  44  4:37  Drone x3  
  46  4:40  Overlord  
  46  4:55  Roach  
  46  4:56  Roach x4  
  56  5:10  Zergling x4  
  56  5:11  Roach x4  
  56  5:13  Spore Crawler  
  65  5:16  Spore Crawler  
  65  5:19  Zergling x8  
  68  5:27  Zergling x2  
  68  5:43  Roach x3  
  68  5:44  Roach x5  
  68  5:46  Overlord  
  83  5:56  Overlord x2  
  83  6:02  Overlord x2  
  83  6:05  Zergling x4  
  83  6:06  Zergling x4  
  87  6:14  Ravager x3  
  87  6:15  Ravager  
  87  6:16  Ravager  
  87  6:18  Overlord  
  92  6:20  Zergling x8  
  92  6:21  Zergling x2  
  97  6:36  Overlord  
  97  6:37  Zergling x6  
  97  6:38  Zergling x4  
  99  7:01  Ravager  
  98  7:02  Ravager  
  98  7:03  Ravager  
Show
View Real Time Build Order
Export as new Build Order

Assitoni Terran 

Build Orders: Reaper Expand 

Get SALT Encoding   

  12  0:00  SCV  
  13  0:13  SCV  
  14  0:17  Supply Depot  
  14  0:25  SCV  
  15  0:29  Refinery  
  15  0:39  SCV  
  16  0:46  Barracks  
  16  0:53  SCV  
  17  1:05  SCV  
  18  1:18  SCV  
  19  1:33  Reaper, Orbital Command  
  20  1:50  Command Center  
  20  2:00  Factory  
  20  2:10  SCV  
  20  2:11  Barracks Reactor  
  21  2:17  Supply Depot  
  21  2:24  SCV  
  21  2:25  Bunker  
  22  2:30  Refinery  
  22  2:36  SCV  
  23  2:49  Starport  
  23  2:53  Hellion x2  
  27  2:58  SCV  
  27  3:02  Barracks Tech Lab  
  28  3:07  Orbital Command  
  28  3:12  SCV  
  29  3:21  Hellion  
  29  3:25  SCV  
  31  3:37  SCV  
  28  3:46  SCV  
  28  3:47  Hellion  
  30  4:01  SCV  
  30  4:02  SCV  
  27  4:13  SCV  
  27  4:16  SCV  
  29  4:24  Starport Reactor  
  29  4:25  SCV  
  29  4:31  SCV  
  31  4:32  Factory  
  31  4:38  SCV  
  32  4:43  SCV  
  32  4:44  Armory  
  33  4:50  SCV  
  34  4:56  SCV  
  35  5:02  SCV  
  35  5:03  Hellion x2  
  35  5:04  Viking  
  42  5:08  SCV  
  44  5:14  SCV  
  44  5:20  SCV  
  45  5:26  Supply Depot, SCV  
  46  5:29  Supply Depot  
  45  5:36  Hellion  
  45  5:38  SCV  
  45  5:41  SCV  
  45  5:48  Cyclone, Hellion  
  49  5:50  SCV  
  49  5:52  Refinery  
  49  5:53  Supply Depot, SCV  
  49  5:54  Refinery  
  51  6:03  SCV  
  55  6:04  Cyclone  
  55  6:05  SCV  
  56  6:15  SCV  
  56  6:16  Supply Depot  
  56  6:18  SCV  
  64  6:27  SCV  
  64  6:30  SCV  
  66  6:35  Engineering Bay  
  66  6:39  SCV  
  67  6:42  SCV  
  67  6:51  SCV  
Tags
 
Add a new tag
Caveats
  • Supply blocks, unpowered buildings, or Contaminate may cause inaccurate times.
  • Supply counts are checked every 10 seconds.